 Dungeon Crawl Stone Soup version 0.15.1-1-gfacfea3 (webtiles) character file.

132 Ratboiler the Insei (level 5, -5/33 HPs)
             Began as an Octopode Transmuter on Sept 21, 2014.
             Killed from afar by Sigmund (10 damage)
             ... with a magic dart
             ... on Level 3 of the Dungeon.
             The game lasted 00:08:22 (3465 turns).

Ratboiler the Insei (Octopode Transmuter)           Turns: 3465, Time: 00:08:23

HP  -5/33        AC  1     Str 10      XL: 5   Next: 15%
MP   9/9         EV 12     Int 16      God:
Gold 77          SH  0     Dex 12      Spells:  3 memorised,  2 levels left

rFire  . . .     SeeInvis +       - Unarmed
rCold  . . .     Clarity  .     (no shield)
rNeg   + . .     rCorr    .     (helmet restricted)
rPois  .         rRot     .     l - amulet of warding
rElec  .         Spirit   .     h - ring of see invisible
SustAb .         Warding  +     (no ring)
rMut   .         Stasis   .     (no ring)
Gourm  .                        (no ring)
MR     .....                    (no ring)
                                (no ring)
                                (no ring)
                                (no ring)

@: not resistant to hostile enchantments, unstealthy
A: almost no armour, amphibious, 8 rings, constrict 8, camouflage 1, gelatinous
body 1
a: no special abilities


You were on level 3 of the Dungeon.
You were hungry.

You visited 1 branch of the dungeon, and saw 3 of its levels.

You collected 77 gold pieces.

Inventory:

Missiles
 b - 24 arrows
Armour
 q - a +0 shield
Magical devices
 n - a wand of enslavement (10)
Comestibles
 a - 2 bread rations
 k - a royal jelly
 m - a chunk of goblin flesh
 s - a meat ration
Scrolls
 e - 2 scrolls of random uselessness {unknown}
 g - 3 scrolls of identify {unknown}
 o - a scroll of immolation {unknown}
 p - a scroll of recharging {unknown}
 r - a scroll of remove curse {unknown}
 t - a scroll of teleportation {unknown}
 u - a scroll of noise {unknown}
Jewellery
 h - a ring of see invisible (left tentacle)
 l - an amulet of warding (around mantle)
 v - an uncursed ring of ice
Potions
 c - 2 potions of porridge
 f - 3 potions of curing {unknown}
 i - a potion of agility {unknown}
 j - a potion of beneficial mutation {unknown}
Books
 d - a book of Changes

   Spells                             Type                      Level
   *Beastly Appendage                 Transmutation                1
   *Sticks to Snakes                  Transmutation                2
   *Spider Form                       Transmutation/Poison         3
   Ice Form                           Ice/Transmutation            4
   Blade Hands                        Transmutation                5


   Skills:
 - Level 1.0 Fighting
 - Level 2.0 Dodging
 + Level 4.6 Unarmed Combat
 - Level 2.0 Spellcasting
 + Level 3.7 Transmutations


You had 2 spell levels left.
You knew the following spells:

 Your Spells              Type           Power        Failure   Level  Hunger
a - Beastly Appendage     Trmt           ##....       6%          1    #......
b - Sticks to Snakes      Trmt           ##........   10%         2    ###....
c - Spider Form           Trmt/Pois      #.........   34%         3    ####...


Dungeon Overview and Level Annotations

Branches:
Dungeon (3/15)

Altars:

Annotations:
D:3 Sigmund


Innate Abilities, Weirdness & Mutations

You cannot wear most types of armour.
You are amphibious.
You can wear up to eight rings at the same time.
You can use your tentacles to constrict many enemies at once.
Your skin changes colour to match your surroundings (Stealth).
Your rubbery body absorbs attacks (AC +1).


Message History

Unknown command.
You start resting.
Your tentacle spike disappears.
You see here a stone.
You are feeling hungry.
You see here a stone.
Sigmund points at you and mumbles some strange words.
You resist.
You see here a stone.
Sigmund gestures at you while chanting. The magic dart hits you!
Sigmund points at you and mumbles some strange words.
The magic dart hits you! Sigmund casts a spell at you.
The puff of flame hits you!
* * * LOW HITPOINT WARNING * * *
A kobold comes into view.
Sigmund gestures at you while chanting. The magic dart hits you!
You die...

####.####
#......##.#.##.#
#.......#
#......##....<.#
#.##.##.#
#.#...#####.####
#.##.##.###.#####.###.#
#.##........####...##.#
#.#####.#.....).....#.#
#>.....(#...####......#
###########....##.#####
###### ####@#### ....)#
#.# ### ####.# ##.## ..
##(# #...# .# #..####
#...#####.####... #.....#
#.....K.......... #..##.#
#####....#.#..#..#...
###....(###...@..)......#
#
.)..(...(@..............#


You could see Sigmund.

Vanquished Creatures
  6 adders
  3 worms
  A giant gecko (D:1)
  An ooze (D:2)
  6 bats
  15 goblins
  5 hobgoblins
  6 jackals
  A quokka (D:3)
  4 giant newts
  6 kobolds
  7 rats
61 creatures vanquished.

Notes
Turn   | Place    | Note
--------------------------------------------------------------
     0 | D:1      | Ratboiler, the Octopode Transmuter, began the quest for the Orb.
     0 | D:1      | Reached XP level 1. HP: 13/13 MP: 3/3
    52 | D:1      | Reached XP level 2. HP: 18/18 MP: 4/4
    56 | D:1      | Learned a level 2 spell: Sticks to Snakes
   690 | D:1      | Reached XP level 3. HP: 20/23 MP: 6/6
  1208 | D:2      | Learned a level 3 spell: Spider Form
  1654 | D:2      | Reached skill level 4 in Unarmed Combat
  1654 | D:2      | Reached XP level 4. HP: 20/28 MP: 5/7
  2731 | D:3      | Noticed Sigmund
  3056 | D:3      | Reached XP level 5. HP: 17/33 MP: 5/9
  3465 | D:3      | Killed from afar by Sigmund

Action                   |  1- 3 |  4- 6 || total
-------------------------+-------+-------++-------
Melee: Unarmed           |    72 |    71 ||   143
 Cast: Beastly Appendage |    11 |     2 ||    13
       Spider Form       |     1 |     4 ||     5
Evoke: Wand              |     1 |       ||     1
  Eat: Chunk             |     3 |     4 ||     7
       Pizza             |       |     1 ||     1
